 Dungeon Crawl Stone Soup version 0.30-b1-2-g02819fbbbe (webtiles) character file.

Game seed: 4524393525432910286

99 Arcadio the Trooper (level 4, 0/30 HPs)
             Began as a Gargoyle Cinder Acolyte on May 15, 2023.
             Was a High Priest of Ignis.
             Slain by a gnoll
             ... wielding a +0 flail
              (6 damage)
             ... on level 3 of the Dungeon.
             The game lasted 00:03:15 (1691 turns).

Arcadio the Trooper (Gargoyle Cinder Acolyte)       Turns: 1691, Time: 00:03:16

Health: 0/30       AC: 19    Str: 19    XL:     4   Next: 72%
Magic:  5/5        EV:  7    Int: 15    God:    Ignis [*****.]
Gold:   141        SH:  0    Dex:  5    Spells: 5/5 levels left

rFire   + . .        a - -1 mace (flame)
rCold   . . .        (no shield)
rNeg    + . .        e - +0 chain mail
rPois   ∞            (no helmet)
rElec   +            (no cloak)
rCorr   .            (no gloves)
SInv    .            (no boots)
Will    .....        (no amulet) Stlth
                     (no ring)
HPRegen 0.25/turn    (no ring)
MPRegen 0.09/turn

%: no passive effects
@: fiery-armoured
A: sickness immunity, AC +3, negative energy resistance 1, electricity
resistance, torment resistance 1, petrification resistance
a: Renounce Religion, Fiery Armour, Foxfire Swarm, Rising Flame


You were on level 3 of the Dungeon.
You worshipped Ignis.
Ignis was extremely pleased with you.
You visited 1 branch of the dungeon, and saw 3 of its levels.

You collected 141 gold pieces.

Inventory:

Hand Weapons
 a - a -1 mace of flaming (weapon)
Armour
 b - a +0 robe
 e - a +0 chain mail (worn)
 m - the +0 ring mail of Ofock {rCorr MP+9 Dex+3 SInv}
   (You found it on level 2 of the Dungeon)

   Dex:       It affects your dexterity (+3).
   MP:        It affects your magic capacity (+9).
   SInv:      It lets you see invisible.
   rCorr:     It protects you from acid and corrosion.
Scrolls
 c - a scroll of fog {unknown}
 g - a scroll of amnesia
 h - a scroll of vulnerability {unknown}
 k - 2 scrolls of teleportation {unknown}
 l - a scroll of immolation {unknown}
Potions
 d - a potion of attraction
 f - a potion of cancellation
 i - a potion of berserk rage {unknown}
 j - 3 potions of curing
 n - a potion of mutation {unknown}


   Skills:
 + Level 4.5 Fighting
 + Level 4.0 Maces & Flails
 + Level 1.8 Armour
 - Level 1.0 Spellcasting
 - Level 3.0 Fire Magic


You had 5 spell levels left.
You didn't know any spells.
Your spell library contained the following spells:

 Spells                   Type           Power      Damage    Failure   Level
 Scorch                   Fire           18%        2d6       67%         2
 Freeze                   Ice            0%         1d3       91%         1
 Magic Dart               Conj           0%         1d3       91%         1
 Frozen Ramparts          Ice            0%         1d1       100%        3
 Hailstorm                Conj/Ice       0%         3d3       100%        3


Dungeon Overview and Level Annotations

Branches:
Dungeon (3/15) Zot: 16268

Altars:
Kikubaaqudgha
Sif Muna
Vehumet


Innate Abilities, Weirdness & Mutations

You are immune to sickness and miasma.
Your stone body is resilient. (AC +3)
You are immune to poison.
You resist negative energy. (rN+)
You are resistant to electric shocks. (rElec)
You are resistant to unholy torment.
You are immune to petrification.


Message History

You kill the ball python!
The gnoll hits you but does no damage. The gnoll barely misses you.
The gnoll hits you but does no damage.
You barely miss the gnoll.
The gnoll hits you from afar with a +0 halberd!
The gnoll hits you but does no damage.
You barely miss the gnoll. The gnoll hits you but does no damage.
The gnoll closely misses you.
A gnoll comes into view. It is wielding a +0 club.
The gnoll attacks as you move away! The gnoll barely misses you.
The gnoll shouts!
The gnoll attacks as you move away! The gnoll barely misses you.
The gnoll attacks as you move away! The gnoll barely misses you.
You hit the gnoll. You burn the gnoll. You punch the gnoll, but do no damage.
The gnoll is lightly wounded.
The gnoll hits you but does no damage.
You sock the gnoll! You burn the gnoll.
The gnoll is almost dead.
The gnoll hits you but does no damage.
You closely miss the gnoll.
The gnoll is almost dead.
The gnoll hits you but does no damage. x2
You thump the gnoll! You burn the gnoll.
You kill the gnoll!
The gnoll throws a throwing net.
The throwing net hits you.
You become entangled in the net!
You see here a throwing net.
You struggle against the net.
You tear a large gash into the net.
The gnoll hits you but does no damage.
The gnoll hits you from afar with a +0 halberd.
You struggle against the net.
The gnoll hits you with a +0 flail.
The gnoll hits you from afar with a +0 halberd.
You rip the net and break free!
The gnoll hits you but does no damage.
The gnoll hits you from afar with a +0 halberd.
* * * LOW HITPOINT WARNING * * *
You closely miss the gnoll. The gnoll hits you but does no damage.
The gnoll barely misses you.
A protective cloak of flame settles atop you.
The gnoll hits you with a +0 flail.
You die...

#........##.###
#........##...#########
#.....................#
#.........#####..####.#
#.........#..<#.....#.#
#########.#.###.#.#.#.#
#.#.....#.....##
####+#########....######
.......@ggg....#..$.....
.......##########S...###
?...... #.g......
####### #..g...#.
#......# #......#
..g..### .....# #.....#


You could see 3 gnolls.

Vanquished Creatures
  A gnoll (D:3)
  2 adders (D:2)
  3 worms (D:2)
  A dart slug (D:1)
  8 orcs (D:3)
  5 ball pythons
  2 bats (D:1)
  4 endoplasms
  4 giant cockroaches (D:1)
  A goblin (D:2)
  2 hobgoblins (D:1)
  4 quokkas
  2 frilled lizards
  2 kobolds
  13 rats
54 creatures vanquished.

Notes
Turn   | Place    | Note
-------+----------+-------------------------------------------
     0 | D:1      | Arcadio the Gargoyle Cinder Acolyte began the quest for the
                  | Orb.
     0 | D:1      | Reached XP level 1. HP: 14/14 MP: 2/2
   115 | D:1      | Reached XP level 2. HP: 19/19 MP: 3/3
   491 | D:1      | Reached XP level 3. HP: 24/24 MP: 4/4
  1142 | D:2      | Reached skill level 1 in Armour
  1207 | D:2      | Reached XP level 4. HP: 29/29 MP: 5/5
  1392 | D:2      | Identified the +0 ring mail of Ofock {rCorr MP+9 Dex+3
                  | SInv}
  1511 | D:3      | Found an ancient bone altar of Kikubaaqudgha.
  1511 | D:3      | Found a shimmering blue altar of Sif Muna.
  1514 | D:3      | Found a radiant altar of Vehumet.
  1518 | D:3      | Got Vehumet's Enchiridion on Momentum
  1691 | D:3      | Slain by a gnoll

Illustrated notes

Levels and vault maps discovered:
D:1:      matt_arrival_spirals, layout_basic, minmay_rat_gold_closets
D:2:      layout_basic
D:3:      layout_basic, grunt_temple_overflow_magic_moments

Skill      XL: |  1  2  3  4 |
---------------+-------------+-----
Fighting       | 4 |  4.5
Armour         | 1 |  1.8
Maces & Flails | 4 |  4.0
Spellcasting   | |  1.0
Fire Magic     | |  3.0

Action                     |  1- 3 |  4- 6 || total
---------------------------+-------+-------++-------
  Melee: Mace              |   122 |    61 ||   183
         Punch             |       |     1 ||     1
 Invoke: Fiery Armour      |       |     1 ||     1
    Use: Scroll            |     1 |     3 ||     4
 Armour: Robe              |    22 |       ||    22
         Chain mail        |    28 |    56 ||    84
  Dodge: Dodged            |    44 |    26 ||    70
